 Dungeon Crawl Stone Soup version 0.23-a0-445-g768d57b (webtiles) character file.

145 Lavandula the Ruffian (level 5, -5/34 HPs)
             Began as an Octopode Hunter on Nov 17, 2018.
             Slain by an iguana (11 damage)
             ... on level 3 of the Dungeon.
             The game lasted 00:03:21 (861 turns).

Lavandula the Ruffian (Octopode Hunter)              Turns: 861, Time: 00:03:22

Health: -5/34      AC:  1    Str: 13    XL:     5   Next: 27%
Magic:  5/5        EV: 13    Int: 13    God:
Gold:   68         SH:  0    Dex: 12    Spells: 4/4 levels left

rFire    . . .     SeeInvis .     - Unarmed
rCold    . . .     Gourm    .   (no shield)
rNeg     . . .     Faith    .   (helmet restricted)
rPois    .         Spirit   .   (no amulet)
rElec    .         Reflect  .   (no ring)
rCorr    .         Harm     .   (no ring)
MR       .....                  (no ring)
Stlth    +++.......             (no ring)
HPRegen  0.11/turn              (no ring)
MPRegen  0.09/turn              (no ring)
                                (no ring)
                                (no ring)

@: no status effects
A: almost no armour, stealthy swim, amphibious, 8 rings, constrict 8, camouflage
1, gelatinous body 1
a: no special abilities


You were on level 3 of the Dungeon.
You were not hungry.

You visited 1 branch of the dungeon, and saw 4 of its levels.

You collected 68 gold pieces.

Inventory:

Missiles
 c - 2 throwing nets (quivered)
Scrolls
 e - a scroll of amnesia {unknown}
 f - a scroll of enchant weapon {unknown}
 g - 2 scrolls of teleportation {unknown}
 i - a scroll of remove curse {unknown}
 j - a scroll of identify {unknown}
Potions
 a - 5 potions of curing {unknown}
 h - 2 potions of berserk rage {unknown}
 k - a potion of might {unknown}
Comestibles
 d - 6 rations


   Skills:
 - Level 2.0 Fighting
 - Level 4.0 Throwing
 - Level 2.0 Dodging
 - Level 1.3 Stealth
 + Level 4.8 Unarmed Combat


You had 4 spell levels left.
You didn't know any spells.
Your spell library was empty.

Dungeon Overview and Level Annotations

Branches:
Dungeon (4/15)
 Temple: D:4-7

Altars:
Dithmenos
Xom


Innate Abilities, Weirdness & Mutations

You cannot wear most types of armour.
You are very stealthy in the water. (Stealth+)
You are amphibious.
You can wear up to eight rings at the same time.
You can use your tentacles to constrict eight enemies at once.
Your skin changes colour to match your surroundings (Stealth+).
Your rubbery body absorbs attacks. (AC +1, EV +1)


Message History

You tentacle-slap the iguana but do no damage.
You constrict the iguana, but do no damage.
The iguana completely misses you.
You tentacle-slap the iguana.
The iguana is lightly wounded.
You constrict the iguana, but do no damage.
The iguana bites you.
* * * LOW HITPOINT WARNING * * *
You tentacle-slap the iguana.
The iguana is lightly wounded.
You constrict the iguana, but do no damage.
The iguana bites you.
* * * LOW HITPOINT WARNING * * *
You tentacle-slap the iguana.
The iguana is heavily wounded.
You constrict the iguana. The iguana misses you.
You completely miss the iguana.
The iguana is severely wounded.
You constrict the iguana. The iguana bites you!
You die...

##########.####
.)....l@.....).
.#########+#..#
#.# #.#


You could see an iguana.

Vanquished Creatures
  An ogre (D:4)
  3 adders
  A dart slug (D:1)
  3 leopard geckos
  3 orcs
  2 giant cockroaches
  4 goblins
  A hobgoblin (D:1)
  2 kobolds
  4 bats
  3 frilled lizards
  A rat (D:2)
28 creatures vanquished.

Notes
Turn   | Place    | Note
-------+----------+-------------------------------------------
     0 | D:1      | Lavandula the Octopode Hunter began the quest for the Orb.
     0 | D:1      | Reached XP level 1. HP: 14/14 MP: 1/1
    44 | D:1      | Reached skill level 1 in Unarmed Combat
    76 | D:2      | Reached XP level 2. HP: 4/19 MP: 2/2
   154 | D:1      | Reached XP level 3. HP: 7/24 MP: 3/3
   461 | D:2      | Found a shadowy altar of Dithmenos.
   504 | D:3      | Found a shimmering altar of Xom.
   792 | D:4      | Noticed an ogre
   805 | D:4      | Killed an ogre
   805 | D:4      | Reached XP level 4. HP: 29/29 MP: 4/4
   805 | D:4      | Reached XP level 5. HP: 34/34 MP: 5/5
   861 | D:3      | Slain by an iguana

Vault maps used:
D:1:      minmay_arrival_loop
D:2:      minmay_roachtagon, nicolae_ru_sacrificial_ziggurat,
          grunt_dithmenos_smoke_and_mirrors
D:3:      overflow_temple_1_default, first_ration
D:4:      nemelex_xobeh_ov_fountains_minmay

Skill      XL: |  1  2  3 |
---------------+----------+-----
Unarmed Combat | 2 4 |  4.8
Fighting       | |  2.0
Throwing       | |  4.0
Dodging        | |  2.0
Stealth        | |  1.3

Action                   |  1- 3 |  4- 6 || total
-------------------------+-------+-------++-------
Melee: Unarmed           |    41 |    10 ||    51
       Constrict         |    10 |     2 ||    12
       Tentacles         |     7 |       ||     7
Throw: Javelin           |    24 |     3 ||    27
 Stab: Sleeping          |     1 |       ||     1
Armor: Skin              |     3 |       ||     3
Dodge: Dodged            |    22 |     3 ||    25

Table legend:
 A = Non-vault XP
 B = Vault XP
 C = Vault XP percentage of total XP
 D = Non-vault monster count
 E = Vault monster count
 F = Vault count percentage of total count
                 A         B        C        D         E       F
            +---------+---------+-------+---------+---------+-------
      Total |     208 |       0 |   0.0 |      28 |       0 |   0.0
            +---------+---------+-------+---------+---------+-------
        D:1 |      19 |       0 |   0.0 |      10 |       0 |   0.0
        D:2 |      33 |       0 |   0.0 |       7 |       0 |   0.0
        D:3 |      12 |       0 |   0.0 |       6 |       0 |   0.0
        D:4 |     144 |       0 |   0.0 |       5 |       0 |   0.0
            +---------+---------+-------+---------+---------+-------
